 Dungeon Crawl Stone Soup version bcrawl-1.41.1 (webtiles) character file.

Game seed: 551746580991792782

383355 Grimmash the Basher (level 11, -2/116 HPs)
             Began as an Ent Archaeologist on Apr 19, 2024.
             Was an Elder of Cheibriados.
             Slain by a blink frog (7 damage)
             ... led by Prince Ribbit
             ... on level 1 of the Lair of Beasts.
             The game lasted 00:14:49 (10250 turns).

Grimmash the Basher (Ent Archaeologist)            Turns: 10250, Time: 00:14:50

Health: -2/116     AC: 28    Str: 30    XL:     11   Next: 51%
Magic:  19/19      EV: 13    Int: 25    God:    Cheibriados [****..]
Gold:   142        SH: 11    Dex: 18    Spells: 20/21 levels left

rFire    . . .     GDR:     37% a - +2 mace (protect)
rCold    + + .     SeeInvis .   h - +0 medium shield
rNeg     + + +     Gourm    .   (armour unavailable)
rPois    +         Faith    .   c - +2 hat
rElec    +         Spirit   .   N - +0 cloak
rCorr    .         Reflect  .   (gloves unavailable)
MR       +....     Clarity  +   (boots unavailable)
Stlth    ++++......             (no amulet)
HPRegen  0.29/turn              v - ring of Coronation {*Corrode +Fly rC+ Stlth+}
MPRegen  0.16/turn              f - ring "Ethrusmy" {rElec rC+ Int-2 Slay+3}

@: protection aura, very slow
A: large, slow actions, passwall, strong branches, negative energy resistance 3,
poison resistance, slow metabolism 1, torment resistance, unbreathing, AC +18
a: Passwall, Bend Time, Defer, Temporal Distortion, Renounce Religion, Evoke
Flight


You were on level 1 of the Lair of Beasts.
You worshipped Cheibriados.
Cheibriados was greatly pleased with you.
You were not hungry.

You visited 3 branches of the dungeon, and saw 11 of its levels.

You collected 1064 gold pieces.
You spent 922 gold pieces at shops.

Inventory:

Hand Weapons
 a - a +2 mace of protection (weapon)
 b - a +0 blowgun
 y - a +0 war axe
 Q - the +6 war axe "Nempires" {antimagic, +Rage rF+ Str+2 Stlth-}
   (You bought it in a shop on level 9 of the Dungeon)

   It reduces the magical energy of the wielder, and disrupts the spells and
   magical abilities of those hit.
   Natural abilities and divine invocations are not affected.
   It affects your strength (+2).
   It protects you from fire.
   It lets you go berserk.
   It makes you less stealthy.
Missiles
 d - 30 curare-tipped needles
 p - 202 javelins
 F - 114 poisoned tomahawks (quivered)
Armour
 c - a +2 hat (worn)
 h - a +0 medium shield (worn)
 M - the +0 hat "Wein" {rElec}
   (You bought it in a shop on level 8 of the Dungeon)

   It insulates you from electricity.
 N - a +0 cloak (worn)
Jewellery
 f - the ring "Ethrusmy" (right hand) {rElec rC+ Int-2 Slay+3}
   (You acquired it on level 4 of the Dungeon)

   [ring of insulation]

   It affects your intelligence (-2).
   It affects your accuracy and damage with ranged weapons and melee attacks
   (+3).
   It protects you from cold.
   It insulates you from electricity.
 v - the ring of Coronation (left hand) {*Corrode +Fly rC+ Stlth+}
   (You found it on level 4 of the Dungeon)

   [ring of flight]

   It protects you from cold.
   It lets you fly.
   It may corrode you when you take damage.
   It makes you more stealthy.
 x - an uncursed ring of protection from fire
 L - the ring of Turpholot {Fire rN+}
   (You found it on level 8 of the Dungeon)

   [ring of fire]

   It enhances your fire magic.
   It protects you from fire.
   It makes you vulnerable to cold.
   It protects you from negative energy.
Wands
 B - a wand of polymorph (3)
 C - a wand of acid (5)
 K - a wand of flame (17)
Scrolls
 g - a scroll of revelation
 i - 5 scrolls of identify
 j - a scroll of brand weapon {unknown}
 n - 3 scrolls of teleportation
 o - a scroll of noise {unknown}
 q - 5 scrolls of amnesia
 r - 2 scrolls of immolation
 s - 4 scrolls of enchant armour
 D - a scroll of blinking {unknown}
 E - a scroll of enchant weapon {unknown}
 G - a scroll of fog
 H - a scroll of fear {unknown}
 J - 3 scrolls of remove curse {unknown}
Potions
 k - 4 potions of agility {unknown}
 l - a potion of invisibility
 m - 10 potions of curing
 t - 2 potions of might
 u - 2 potions of cancellation {unknown}
 w - 2 potions of degeneration {unknown}
 z - a potion of brilliance {unknown}
 A - a potion of resistance {unknown}
 I - a potion of berserk rage
 O - 2 potions of heal wounds
 P - a potion of mutation
Comestibles
 e - 12 rations {!d}


   Skills:
 * Level 6.9 Fighting
 * Level 1.9(4.7) Axes
 * Level 10.7(10.9) Maces & Flails
 + Level 1.4 Throwing
 * Level 7.6 Dodging
 + Level 5.3 Stealth
 * Level 6.0 Shields
 * Level 5.6 Spellcasting
 * Level 3.5 Conjurations
 * Level 4.6 Invocations
 * Level 4.2 Evocations


You had 20 spell levels left.
You knew the following spells:

 Your Spells              Type           Power        Failure   Level  Hunger
a - Magic Dart            Conj           ###.         7%          1    None

Your spell library contained the following spells:

 Spells                   Type           Power        Failure   Level  Hunger
 Shock                    Conj/Air       ###....      22%         2    None
 Necrotize                Necr           #.....       28%         1    None
 Slow                     Hex            #.......     28%         1    None
 Static Discharge         Air            #.....       28%         1    None
 Conjure Flame            Conj/Fire      ###.....     38%         3    ##.....
 Dazzling Orbs            Conj/Hex       ###....      38%         3    ##.....
 Blink                    Tloc           N/A          41%         2    None
 Call Imp                 Summ           #.....       41%         2    None
 Ensorcelled Hibernation  Hex/Ice        #.....       41%         2    None
 Swiftness                Chrm/Air       #.......     41%         2    None
 Mephitic Cloud           Conj/Pois/Air  ##......     47%         3    ##.....
 Beckoning                Tloc           #.........   65%         3    ##.....
 Confuse                  Hex            #.......     65%         3    ##.....
 Portal Projectile        Tloc           #.....       65%         3    ##.....
 Tukima's Dance           Hex            #.......     65%         3    ##.....
 Vampiric Draining        Necr           #.........   65%         3    ##.....
 Lightning Bolt           Conj/Air       ###.....     80%         4    ####...
 Agony                    Necr           #.......     96%         4    ####...
 Animate Dead             Necr           N/A          96%         4    ####...
 Cause Fear               Hex            #.........   96%         4    ####...
 Dispel Undead            Necr           #.......     100%        5    ######.
 Aura of Abjuration       Summ           #.........   100%        6    #######
 Dispersal                Tloc           #.........   100%        6    #######
 Controlled Blink         Tloc           #.......     100%        7    #######
 Spider Form              Tmut/Pois      Unusable     N/A         3    N/A

Dungeon Overview and Level Annotations

Branches:
Dungeon (9/12)             Temple (1/1) D:6            Lair (1/6) D:7
    Orc (0/1) D:9

Altars:
Ashenzari
Cheibriados
Dithmenos
Elyvilon
Fedhas
Gozag
Hepliaklqana
Makhleb
Nemelex Xobeh
Okawaru
Qazlal
Ru
Sif Muna
Trog
Uskayaw
Vehumet
Wu Jian
Xom
Yredelemnul
Zin
The Shining One

Shops:
D:8 [   D:9 !*

Annotations:
Lair:1 1 runed translucent door, Galewind's ghost, novice AvCj


Innate Abilities, Weirdness & Mutations

You move and act slowly.
You can pass through walls and trees.
Your branches can wield two-handed weapons with a shield.
Your thick bark is tough. (AC +18)
You are too large for most types of armour.
You are immune to negative energy. (rN+++)
Your system is resistant to poisons. (rPois)
You have a slow metabolism.
You are immune to unholy pain and torment.
You can survive without breathing.


Message History

The poisoned tomahawk hits the blink frog!
The blink frog is severely wounded.
No path to travel!
No path to travel!
Throwing (i - inventory. (/) - cycle)
F - 115 poisoned tomahawks (quivered)
Press: ? - help, Shift-Dir - straight line, f/p - blink frog
Aim: a blink frog (severely wounded)
You throw a poisoned tomahawk.
The poisoned tomahawk hits the blink frog but does no damage.
The blink frog is poisoned.
The blink frog is severely wounded.
You block the blink frog's attack. The blink frog closely misses you.
No path to travel!
No path to travel!
You hit the blink frog.
Your weapon exudes an aura of protection.
The blink frog is almost dead.
You are no longer corroded.
You block the blink frog's attack. The blink frog hits you!
You die...

### ###
#########.###P########
#.....##..#....#...#.#
..........#....F@..P.#
....#............#...#
#.
..######..######..####
.. ### #### #....#
##.# # ###.## #..# #
##.# ##..## #..#
#....# #..# #....#
####### ##..#######..#


You could see a blink frog.

Vanquished Creatures
  Erica (D:8)
  Sonja (Lair:1)
  A two-headed ogre (D:8)
  An ugly thing (D:7)
  The ghost of tronn the Sneak, a novice OpAc (D:8)
  A black mamba (Lair:1)
  A cane toad (Lair:1)
  2 trolls
  Prince Ribbit (Lair:1)
  A meliai zombie (D:5)
  2 hippogriffs
  3 blink frogs (Lair:1)
  A yak (D:7)
  A basilisk (Lair:1)
  2 crocodiles
  A water moccasin (D:9)
  5 porcupines
  A swamp drake (Lair:1)
  A necrophage (D:9)
  6 orc warriors
  2 sky beasts
  4 ogres
  7 black bears
  5 ice beasts
  A phantom (D:7)
  4 wolves (Lair:1)
  2 kobold brigands
  5 bullfrogs
  A wyvern zombie (D:8)
  4 centaurs
  A scorpion (D:7)
  8 killer bees
  3 orc priests
  A howler monkey (D:5)
  An electric eel (D:6)
  6 crimson imps
  3 bullfrog zombies
  A jelly (D:7)
  A quasit (D:5)
  3 hounds
  3 bullfrog skeletons
  Ijyb (D:5)
  2 iguanas
  8 orc wizards
  7 worker ants
  Terence (D:2)
  A hound zombie (D:5)
  A hound skeleton (D:4)
  A howler monkey skeleton (D:4)
  A worker ant zombie (D:5)
  4 adders
  An adder (shapeshifter) (D:8)
  A hound simulacrum (D:8)
  A shadow imp (D:9)
  3 white imps (D:8)
  3 oozes
  5 adder skeletons
  A worm (D:2)
  A dart slug (D:4)
  2 leopard geckos
  20 orcs
  3 bats
  A hobgoblin (D:2)
  6 jackals (D:3)
  19 kobolds
  4 quokkas
  A ball python (D:2)
  2 frilled lizards
  9 goblins
  6 rats
  A plant (D:6)
217 creatures vanquished.

Vanquished Creatures (others)
  10 fungi
  10 plants
20 creatures vanquished.

Grand Total: 237 creatures vanquished

Notes
Turn   | Place    | Note
-------+----------+-------------------------------------------
     0 | D:1      | Grimmash the Ent Archaeologist began the quest for the Orb.
     0 | D:1      | Reached XP level 1. HP: 21/21 MP: 1/1
   230 | D:1      | Reached XP level 2. HP: 29/29 MP: 2/2
   834 | D:2      | Noticed Terence
   849 | D:2      | Killed Terence
   850 | D:2      | Reached XP level 3. HP: 26/36 MP: 2/4
  1578 | D:3      | Reached skill level 2 in Maces & Flails
  1588 | D:3      | Reached XP level 4. HP: 43/46 MP: 5/5
  1646 | D:3      | Reached skill level 1 in Spellcasting
  1759 | D:2      | Reached skill level 1 in Shields
  2038 | D:4      | Noticed an ogre
  2073 | D:4      | Got a bound marble ring
  2074 | D:4      | Identified the ring of Coronation {*Corrode +Fly rC+
                  | Stlth+} (You found it on level 4 of the Dungeon)
  2267 | D:4      | Reached XP level 5. HP: 51/53 MP: 6/6
  2267 | D:4      | Identified a scroll of acquirement
  2267 | D:4      | Identified the +0 lajatang of the Bruised Dreams {pain,
                  | *Rage rElec MP+9} (You acquired it on level 4 of the
                  | Dungeon)
  2267 | D:4      | Identified the ring "Ethrusmy" {rElec rC+ Int-2 Slay+3}
                  | (You acquired it on level 4 of the Dungeon)
  2560 | D:4      | Reached skill level 3 in Maces & Flails
  2887 | D:4      | Killed an ogre
  2888 | D:4      | Reached XP level 6. HP: 40/61 MP: 8/8
  2896 | D:4      | Reached skill level 4 in Maces & Flails
  3210 | D:4      | Reached skill level 5 in Maces & Flails
  3210 | D:4      | Reached XP level 7. HP: 27/71 MP: 10/10
  3474 | D:5      | Entered Level 5 of the Dungeon
  3474 | D:5      | Noticed Ijyb
  3479 | D:5      | Killed Ijyb
  3931 | D:5      | Reached skill level 6 in Maces & Flails
  4095 | D:5      | Reached XP level 8. HP: 78/82 MP: 12/12
  4311 | D:6      | Noticed a hippogriff
  4320 | D:6      | Killed a hippogriff
  4321 | D:6      | Reached skill level 5 in Dodging
  4321 | D:6      | Reached skill level 1 in Evocations
  4505 | D:6      | Found a staircase to the Ecumenical Temple.
  4525 | D:6      | Reached skill level 7 in Maces & Flails
  4542 | Temple   | Entered the Ecumenical Temple
  4597 | Temple   | Became a worshipper of Cheibriados the Contemplative
  5282 | D:7      | Found a staircase to the Lair.
  5294 | D:7      | Reached XP level 9. HP: 55/92 MP: 14/14
  5315 | D:7      | Reached skill level 1 in Invocations
  5350 | D:7      | Reached * piety under Cheibriados
  5482 | D:7      | Reached skill level 8 in Maces & Flails
  5501 | D:7      | Reached skill level 5 in Fighting
  5639 | D:7      | Noticed a green ugly thing
  5699 | D:7      | Killed a green ugly thing
  5710 | D:7      | Learned a level 1 spell: Magic Dart
  5861 | D:7      | Reached skill level 1 in Conjurations
  6012 | D:7      | Reached skill level 9 in Maces & Flails
  6124 | D:7      | Reached XP level 10. HP: 106/106 MP: 16/16
  6126 | D:7      | Reached ** piety under Cheibriados
  6307 | D:7      | Found an ancient bone altar of Kikubaaqudgha.
  6308 | D:7      | Found an iron altar of Okawaru.
  6891 | D:8      | Found a runed translucent gate.
  6893 | D:8      | Found a runed translucent gate.
  6902 | D:8      | Found a runed translucent gate.
  6918 | D:8      | Noticed Erica
  7005 | D:8      | Found Yxtiulao's Antique Armour Shoppe.
  7010 | D:8      | Bought a slimy hat for 234 gold pieces
  7020 | D:8      | Identified the +0 hat "Wein" {rElec} (You bought it in a
                  | shop on level 8 of the Dungeon)
  7102 | D:8      | Reached skill level 5 in Stealth
  7224 | D:8      | Noticed a two-headed ogre
  7236 | D:8      | Killed a two-headed ogre
  7237 | D:8      | Reached skill level 1 in Throwing
  7496 | D:8      | Killed Erica
  7497 | D:8      | Reached skill level 5 in Shields
  7497 | D:8      | Reached skill level 5 in Spellcasting
  7550 | D:8      | Noticed tronn's ghost (novice OpAc)
  7665 | D:8      | Reached skill level 10 in Maces & Flails
  8316 | D:8      | Killed tronn's ghost
  8351 | D:8      | Got the ring of Turpholot {Fire}
  8356 | D:8      | Identified the ring of Turpholot {Fire rN+} (You found it
                  | on level 8 of the Dungeon)
  8396 | D:9      | Reached *** piety under Cheibriados
  8530 | D:9      | Found Qiugetew's Distillery.
  8549 | D:9      | Bought 2 potions of heal wounds for 130 gold pieces
  8549 | D:9      | Bought a potion of curing for 32 gold pieces
  8549 | D:9      | Bought a potion of curing for 32 gold pieces
  8549 | D:9      | Bought a potion of curing for 32 gold pieces
  8549 | D:9      | Bought a potion of might for 52 gold pieces
  8549 | D:9      | Bought a potion of mutation for 104 gold pieces
  8666 | D:9      | Reached XP level 11. HP: 116/116 MP: 19/19
  8701 | D:9      | Found Seorar's Assorted Antiques.
  8710 | D:9      | Bought a translucent war axe for 306 gold pieces
  8710 | D:9      | Identified the +6 war axe "Nempires" {antimagic, +Rage rF+
                  | Str+2 Stlth-} (You bought it in a shop on level 9 of the
                  | Dungeon)
  9088 | D:9      | Reached **** piety under Cheibriados
  9161 | D:9      | Found a staircase to the Orcish Mines.
  9422 | Lair:1   | Entered Level 1 of the Lair of Beasts
  9427 | Lair:1   | Reached skill level 1 in Axes
  9610 | Lair:1   | Noticed Sonja
 10007 | Lair:1   | Killed Sonja
 10056 | Lair:1   | Found a runed translucent door.
 10056 | Lair:1   | Found a shimmering altar of Xom.
 10056 | Lair:1   | Noticed Galewind's ghost (novice AvCj)
 10056 | Lair:1   | Noticed a +1 quarterstaff of chaos
 10196 | Lair:1   | Noticed Prince Ribbit
 10211 | Lair:1   | Killed Prince Ribbit
 10247 | Lair:1   | HP: 4/116 [blink frog[Prince Ribbit] (8)]
 10250 | Lair:1   | Slain by a blink frog

Skill      XL: |  1  2  3  4  5  6  7  8  9 10 11 |
---------------+----------------------------------+-----
Dodging        | 3 4 5 6 7 |  7.6
Stealth        | 4 5 |  5.3
Maces & Flails | 2 3 5 6 7 9 10 | 10.7
Spellcasting   | 1 2 3 4 5 |  5.6
Shields        | 1 2 3 4 5 6 |  6.0
Fighting       | 2 3 4 5 6 |  6.9
Evocations     | 2 3 4 |  4.2
Invocations    | 2 4 |  4.6
Conjurations   | 1 2 3 |  3.5
Throwing       | 1 |  1.4
Axes           | 1 |  1.9

Action                   |  1- 3 |  4- 6 |  7- 9 | 10-12 || total
-------------------------+-------+-------+-------+-------++-------
Melee: Whip              |    51 |       |       |       ||    51
       Mace              |    65 |   176 |   405 |   442 ||  1088
 Fire: Blowgun           |       |       |       |     3 ||     3
Throw: Javelin           |     6 |    11 |     8 |    27 ||    52
       Tomahawk          |       |       |       |     6 ||     6
Evoke: Wand              |       |       |       |     2 ||     2
  Use: Scroll            |       |     2 |     1 |    10 ||    13
 Stab: Sleeping          |     6 |       |    11 |    12 ||    29
  Eat: Chunk             |     6 |     9 |    10 |    24 ||    49
       Ration            |       |       |     3 |       ||     3
Armor: Skin              |   109 |   202 |   398 |   407 ||  1116
Dodge: Dodged            |    66 |   103 |   208 |   358 ||   735
Block: Medium shield     |    53 |    88 |   230 |   416 ||   787
